AoeStats
← FreezeFrost

Arabia

508177927Analyzed
2v2 RM · 10d ago on Sep 21, 2026· 43m 36s· 4 players
Game mode
Random Map
Map size
Medium (4 player)
Population
200
Speed
Normal
Resources
Standard
Victory
Conquest
Starting age
Dark Age
Ending age
Imperial Age
RankedLock teamsTeams togetherTeam positionsShared explorationLock speedFull tech treeHidden civsTurbo modeCheats
Victory
Defeat
🇩🇪 Franks · Germany
915
+18
🇩🇪 Saracens · Germany
914
+18
🇦🇺 Wei · Australia
967
-18
🇦🇺 Hindustanis · Australia
954
-18
geeSportz
3:17 Loom
10:33 Feudal Age
16:54 Scale Barding Armor
17:00 Forging
17:44 Double-Bit Axe
22:15 Castle Age
22:19 Gold Mining
23:38 Chain Barding Armor
23:53 Iron Casting
24:18 Husbandry
25:56 Bow Saw
35:48 Wheelbarrow
34:59 Town Watch
37:36 Hand Cart
37:22 Town Patrol
41:53 Imperial Age
39:22 Fletching
39:30 Murder Holes
39:55 Ballistics
FreezeFrost
7:42 Loom
11:06 Feudal Age
12:11 Double-Bit Axe
12:10 Horse Collar
16:12 Fletching
21:32 Wheelbarrow
24:19 Castle Age
28:15 Forging
29:11 Bow Saw
29:09 Heavy Plow
29:58 Iron Casting
29:30 Scale Barding Armor
39:27 Imperial Age
39:40 Elite Mameluke
41:37 Blast Furnace
42:42 Chain Barding Armor
danglejoe
5:56 Loom
9:17 Feudal Age
17:24 Castle Age
24:47 Double-Bit Axe
29:51 Gold Mining
30:18 Bow Saw
31:27 Elite Skirmisher
32:08 Pikeman
42:16 Fletching
42:38 Forging
42:30 Padded Archer Armor
42:31 Scale Mail Armor
Kingmaxeee
8:15 Loom
11:28 Feudal Age
21:05 Castle Age
19:45 Double-Bit Axe
19:41 Horse Collar
19:56 Gold Mining
23:37 Forging
24:47 Bloodlines
26:02 Iron Casting
27:19 Wheelbarrow
27:45 Bow Saw
28:28 Pikeman
30:21 Hand Cart
32:45 Heavy Plow
36:29 Husbandry
Connection lost

Rejoining the realm…

Still unreachable

The connection could not be restored.

Session expired

The server has moved on; the page needs a fresh start.